 Dungeon Crawl Stone Soup version 0.27-a0-522-g46bbb28828 (webtiles) character file.

Game seed: 14346939220530767764

33459 kae the Severer (level 13, 0/117 HPs)
             Began as a Hill Orc Fighter on Mar 4, 2021.
             Was a Priest of Qazlal.
             Succumbed to a cane toad's poison
             ... on level 4 of the Lair of Beasts.
             The game lasted 00:11:39 (20358 turns).

kae the Severer (Hill Orc Fighter)                 Turns: 20358, Time: 00:11:40

Health: 0/117      AC: 12    Str: 24    XL:     13   Next: 71%
Magic:  0/34       EV:  8    Int:  8    God:    Qazlal [***...]
Gold:   731        SH: 13    Dex: 10    Spells: 12/12 levels left

rFire    x . .     SeeInvis +   a - +1 war axe
rCold    + . .     Faith    .   c - +0 kite shield
rNeg     . . .     Spirit   +   t - +5 ring mail of the King of the Hill {rPois rF- rC+ SInv}
rPois    +         Reflect  .   (no helmet)
rElec    .         Harm     .   (no cloak)
rCorr    .         Rampage  .   y - +2 pair of gloves
Will     .....                  (no boots)
Stlth    ..........             x - amulet of guardian spirit
HPRegen  0.29/turn              r - ring of magical power
MPRegen  0.24/turn              C - ring of poison resistance

@: lethally poisoned (0 -> -1), corroded
A: no striking features
a: Renounce Religion, Upheaval, Elemental Force


You were on level 4 of the Lair of Beasts.
You worshipped Qazlal.
Qazlal was most pleased with you.
You visited 2 branches of the dungeon, and saw 15 of its levels.

You collected 927 gold pieces.
You spent 196 gold pieces at shops.

Inventory:

Hand Weapons
 a - a +1 war axe (weapon)
Armour
 b - a +1 scale mail
 c - a +0 kite shield (worn)
 t - the +5 ring mail of the King of the Hill (worn) {rPois rF- rC+ SInv}
   (You found it on level 6 of the Dungeon)

   It makes you vulnerable to fire.
   It protects you from cold.
   It protects you from poison.
   It lets you see invisible.
 y - a +2 pair of gloves (worn)
Jewellery
 n - a +6 ring of intelligence
 r - a ring of magical power (left hand)
 x - an amulet of guardian spirit (around neck)
 B - a ring of ice
 C - a ring of poison resistance (right hand)
Wands
 d - a wand of charming (5)
 o - a wand of polymorph (1)
 p - a wand of flame (73)
 w - a wand of iceblast (12)
Scrolls
 e - 2 scrolls of magic mapping
 g - 9 scrolls of enchant weapon
 h - 2 scrolls of enchant armour
 i - 4 scrolls of teleportation
 k - 3 scrolls of amnesia
 l - 3 scrolls of identify
 u - 2 scrolls of fog
Potions
 f - 2 potions of cancellation
 j - 2 potions of ambrosia
 m - a potion of brilliance
 q - a potion of haste
 s - a potion of mutation
 v - a potion of lignification
 z - a potion of flight
 A - 4 potions of curing


   Skills:
 + Level 11.7 Fighting
 * Level 16.7 Axes
 + Level 11.0 Armour
 - Level 3.2 Shields
 * Level 16.1 Invocations


You had 12 spell levels left.
You didn't know any spells.
Your spell library contained the following spells:

 Spells                   Type           Power        Failure   Level
 Animate Skeleton         Necr           0%           95%         1
 Corona                   Hex            0%           95%         1
 Pain                     Necr           0%           95%         1
 Slow                     Hex            0%           99%         2
 Inner Flame              Hex/Fire       0%           100%        3
 Portal Projectile        Hex/Tloc       0%           100%        3
 Vampiric Draining        Necr           0%           100%        3
 Animate Dead             Necr           0%           100%        4
 Cause Fear               Hex            0%           100%        4
 Leda's Liquefaction      Hex/Erth       0%           100%        4
 Agony                    Necr           0%           100%        5


Dungeon Overview and Level Annotations

Branches:
Dungeon (11/15)            Temple (0/1) D:5            Lair (4/6) D:8
  Swamp (0/4) Lair:2        Snake (0/4) Lair:2
    Orc: D:9-12

Altars:
Ashenzari
Cheibriados
Fedhas
Gozag
Hepliaklqana
Makhleb
Okawaru
Qazlal
Ru
Sif Muna
Uskayaw
Wu Jian
Yredelemnul
Zin
The Shining One

Shops:
D:6 *

Portals:
Trove: D:11 (give +3 shadow dragon scales)

Annotations:
D:3 3 runed translucent doors, 2 transporters, ggurman's ghost, amateur MiIE


Message History

You block the vampire mosquito's attack.
You are too injured to fight recklessly!
You are too injured to fight recklessly!
You are too injured to fight recklessly!
You are too injured to fight recklessly!
You are too injured to fight recklessly!
You are too injured to fight recklessly!
You are too injured to fight recklessly!
You closely miss the vampire mosquito.
The vampire mosquito is severely damaged.
The vampire mosquito bites you but does no damage.
The goliath frog hits you from afar!
You are splashed with acid!
You completely miss the vampire mosquito.
The vampire mosquito is severely damaged.
You feel sick.
The vampire mosquito bites you but does no damage.
The goliath frog hits you from afar!
You are splashed with acid!
* * * LOW HITPOINT WARNING * * *
The vampire mosquito bites you but does no damage.
You hit the vampire mosquito but do no damage.
The vampire mosquito is severely damaged.
You block the vampire mosquito's attack.
You block the goliath frog's attack.
A swamp worm comes into view.
The vampire mosquito bites you but does no damage.
You hit the vampire mosquito.
The vampire mosquito is severely damaged.
You block the vampire mosquito's attack.
The goliath frog hits you from afar!
* * * LOW HITPOINT WARNING * * *
You are splashed with acid!
* * * LOW HITPOINT WARNING * * *
The vampire mosquito misses you. The goliath frog hits you from afar!
* * * LOW HITPOINT WARNING * * *
You are splashed with acid!
* * * LOW HITPOINT WARNING * * *
You slash the vampire mosquito!
You destroy the vampire mosquito!
Qazlal accepts your kill.
You die...

###......≈ #
####........#
..##..........#≈
..............≈≈
............≈≈
#..........≈#≈ #
#.○.......#≈# .
#[#..@†.....≈≈#
......#..........≈#≈
............F...w#..
#........#.......≈≈.
#.......####.....≈#.
......#.##.......≈≈≈
#.....##......##≈≈≈
##............P# ≈≈
#.......†#.....#


You could see a goliath frog and a swamp worm.

Vanquished Creatures
  Snorg (Lair:3)
  Harold (Lair:2)
  Fannar (D:11)
  3 hydras
  Erica (Lair:2)
  2 two-headed ogres
  Nergalle (D:10)
  Pikel (D:5)
  A manticore (D:11)
  5 elephants (Lair:2)
  Maurice (D:11)
  A black mamba (Lair:3)
  A centaur zombie (D:7)
  6 cane toads
  Maggie (D:6)
  2 kobold demonologists
  9 komodo dragons
  2 rime drakes
  2 trolls (D:9)
  9 blink frogs
  2 polar bears
  A wraith (D:11)
  33 yaks
  Eustachio (D:4)
  A wyvern (Lair:2)
  Menkaure (D:5)
  2 vampire mosquitoes (Lair:4)
  3 nagas (Lair:2)
  7 water moccasins
  5 orc warriors
  A sky beast (D:7)
  5 ice beasts
  3 black bears
  2 ogres
  3 necrophages
  38 wolves
  11 centaurs
  2 phantoms
  5 kobold brigands
  Blork the orc (D:6)
  10 bullfrogs
  5 scorpions
  A water moccasin skeleton (D:11)
  5 killer bees (D:8)
  2 vampire bats (Lair:1)
  2 howler monkeys
  2 electric eels (Lair:1)
  A crimson imp (D:6)
  2 jellies
  A quasit (D:5)
  8 hounds
  An orc priest (D:6)
  2 bullfrog skeletons
  8 orc wizards
  5 iguanas
  6 worker ants
  2 hound skeletons
  A worker ant zombie (D:11)
  4 gnolls (D:8)
  6 adders
  4 shadow imps
  3 white imps
  2 ufetubi
  An ooze (D:1)
  An adder zombie (D:9)
  3 adder skeletons
  3 worms (D:3)
  2 dart slugs
  6 leopard geckos
  26 orcs
  5 giant cockroaches
  5 goblins
  4 hobgoblins
  6 jackals
  26 kobolds
  4 quokkas
  2 ball pythons
  8 bats
  2 frilled lizards
  A quokka zombie (D:5)
  4 rats
  A spectral orc (D:2)
  2 butterflies (Lair:1)
373 creatures vanquished.

Vanquished Creatures (others)
  10 fungi
  21 plants
31 creatures vanquished.

Grand Total: 404 creatures vanquished

Notes
Turn   | Place    | Note
-------+----------+-------------------------------------------
     0 | D:1      | kae the Hill Orc Fighter began the quest for the Orb.
     0 | D:1      | Reached XP level 1. HP: 19/19 MP: 1/1
   256 | D:1      | Reached XP level 2. HP: 21/27 MP: 2/2
   887 | D:2      | Reached XP level 3. HP: 33/33 MP: 3/3
   947 | D:2      | Reached XP level 4. HP: 30/41 MP: 4/4
  1112 | D:2      | Noticed an air elemental
  1114 | D:2      | Found a stormy altar of Qazlal.
  1116 | D:2      | Noticed a fire elemental
  1116 | D:2      | Noticed an earth elemental
  1116 | D:2      | Noticed a water elemental
  1144 | D:2      | Became a worshipper of Qazlal Stormbringer
  1450 | D:2      | Found a basalt altar of Yredelemnul.
  1513 | D:2      | Reached skill level 5 in Axes
  1513 | D:2      | Reached skill level 1 in Invocations
  1513 | D:2      | Reached XP level 5. HP: 37/47 MP: 5/5
  1676 | D:3      | Found a runed translucent gate.
  1676 | D:3      | Found a runed translucent gate.
  1676 | D:3      | Found a runed translucent gate.
  1681 | D:3      | Noticed ggurman's ghost (amateur MiIE)
  1687 | D:3      | Found a snail-covered altar of Cheibriados.
  1767 | D:3      | Found a faded altar of an unknown god.
  1780 | D:3      | Found a transporter.
  1992 | D:3      | Found a shimmering blue altar of Sif Muna.
  2019 | D:3      | Reached * piety under Qazlal
  2265 | D:3      | Found an opulent altar of Gozag.
  2268 | D:3      | Found a glowing silver altar of Zin.
  2273 | D:3      | Found a glowing golden altar of the Shining One.
  2345 | D:3      | Found a transporter.
  3095 | D:4      | Noticed Eustachio
  3125 | D:4      | Killed Eustachio
  3126 | D:4      | Reached XP level 6. HP: 30/55 MP: 6/8
  3396 | D:4      | Reached skill level 5 in Fighting
  3413 | D:4      | Found an iron altar of Okawaru.
  3506 | D:5      | Entered Level 5 of the Dungeon
  3729 | D:5      | Reached XP level 7. HP: 54/61 MP: 8/10
  3851 | D:5      | Found a blossoming altar of Fedhas.
  3857 | D:5      | Reached skill level 5 in Armour
  4087 | D:5      | Noticed Pikel
  4117 | D:5      | Killed Pikel
  4118 | D:5      | Reached XP level 8. HP: 43/70 MP: 10/12
  4518 | D:5      | Found a staircase to the Ecumenical Temple.
  4681 | D:5      | Found a sacrificial altar of Ru.
  4721 | D:5      | Noticed Menkaure
  4728 | D:5      | Killed Menkaure
  4948 | D:5      | Found a blossoming altar of Fedhas.
  5338 | D:6      | Found Vynem's Assorted Antiques.
  5396 | D:6      | Bought a scroll of identify for 56 gold pieces
  5396 | D:6      | Bought a thin bone amulet for 140 gold pieces
  5609 | D:6      | Identified the +5 ring mail of the King of the Hill {rPois
                  | rF- rC+ SInv}
  5861 | D:6      | Noticed Maggie
  5873 | D:6      | HP: 1/106 [Maggie/bolt of fire (22)]
  5874 | D:6      | Killed Maggie
  5875 | D:6      | Reached XP level 9. HP: 2/78 MP: 14/14
  6243 | D:6      | Noticed Blork the orc
  6252 | D:6      | Killed Blork the orc
  6513 | D:6      | Found a burning altar of Makhleb.
  6543 | D:6      | Found a hazy altar of Hepliaklqana.
  6934 | D:6      | Found a hazy altar of Hepliaklqana.
  7135 | D:7      | Found a broken altar of Ashenzari.
  7312 | D:7      | Reached skill level 10 in Axes
  7828 | D:7      | Found a hide-covered altar of Uskayaw.
  8110 | D:8      | Reached ** piety under Qazlal
  8135 | D:8      | Reached XP level 10. HP: 75/88 MP: 17/17
  8165 | D:8      | Reached skill level 10 in Invocations
  8848 | D:8      | Found a staircase to the Lair.
  9985 | D:9      | Noticed a two-headed ogre
  9999 | D:9      | Killed a two-headed ogre
 10768 | D:10     | Entered Level 10 of the Dungeon
 10768 | D:10     | Noticed Nergalle
 10785 | D:10     | Killed Nergalle
 10786 | D:10     | Reached XP level 11. HP: 52/95 MP: 14/19
 11232 | D:10     | Reached *** piety under Qazlal
 11663 | D:11     | Noticed a soul eater
 12020 | D:11     | Noticed Fannar
 12061 | D:11     | Killed Fannar
 12943 | D:11     | Noticed Maurice
 13296 | D:11     | Reached **** piety under Qazlal
 13590 | D:11     | Killed Maurice
 13713 | D:11     | Found a portal to a secret trove of treasure.
 13733 | D:11     | Noticed a manticore
 13753 | D:11     | Killed a manticore
 14094 | D:11     | Noticed a two-headed ogre
 14102 | D:11     | Killed a two-headed ogre
 14306 | D:9      | Reached skill level 10 in Fighting
 14306 | D:9      | Reached XP level 12. HP: 90/106 MP: 22/22
 14321 | Lair:1   | Entered Level 1 of the Lair of Beasts
 14321 | Lair:1   | Found an ornate altar of the Wu Jian Council.
 16345 | Lair:2   | Found a staircase to the Snake Pit.
 16383 | Lair:2   | Reached skill level 15 in Axes
 16418 | Lair:2   | Found a staircase to the Swamp.
 16418 | Lair:2   | Noticed an eight-headed hydra
 16442 | Lair:2   | Reached skill level 10 in Armour
 17067 | Lair:2   | Killed an eight-headed hydra
 17068 | Lair:2   | Reached skill level 15 in Invocations
 17068 | Lair:2   | Reached XP level 13. HP: 116/116 MP: 24/24
 17873 | Lair:2   | Noticed Erica
 17877 | Lair:2   | Noticed Harold
 17880 | Lair:2   | Killed Erica
 17885 | Lair:2   | Killed Harold
 19147 | Lair:3   | Noticed Snorg
 19161 | Lair:3   | Killed Snorg
 20357 | Lair:4   | HP: 1/117 [acid (6)]
 20358 | Lair:4   | Succumbed to a cane toad's poison

Illustrated notes

Levels and vault maps discovered:
D:1:      eino_arrival_water_star, layout_basic
D:2:      layout_basic, yredelemnul_forgotten_temple_becter,
          nicolae_qazlal_style_of_elements
D:3:      gammafunk_wand_slinger, layout_rooms, kennysheep_slug_shrine,
          grunt_temple_overflow_diamond, chequers_ecumenical_altar_simple_redux,
          gammafunk_ghost_split, led_sif_pool
D:4:      layout_loops_ring, marbit_many_paths, uniq_eustachio
D:5:      layout_basic, fedhas_bush_and_centaur_altar,
          nicolae_ru_the_path_less_chosen, minmay_temple_entry_junction_2,
          basic_altar, uniq_menkaure, uniq_pikel
D:6:      layout_basic, makhleb_grotto_becter, nzn_hepliaklqana_mist_gate,
          basic_altar, serial_shops, shop, uniq_maggie, uniq_blork_the_orc
D:7:      layout_basic, evilmike_ruin_ashenzari, eat_drink_and_be_merry_uskayaw,
          serial_rivers, chequers_serial_rivers_micro_a,
          chequers_serial_rivers_room_b, chequers_serial_rivers_micro_a,
          chequers_serial_rivers_room_a, chequers_serial_rivers_marsh
D:8:      layout_basic, lair_entry_dummy
D:9:      layout_long_grid
D:10:     layout_rooms, uniq_nergalle
D:11:     layout_layer_cave, enter_trove_2, uniq_maurice, uniq_fannar
Lair:1:   layout_chaotic_city, chequers_serial_rivers_marsh, roderic_batcave,
          amcnicky_altar_gilded, serial_bayou_shore_a, lemuel_fruit_tree,
          lemuel_fruit_fields
Lair:2:   layout_small_grid, swamp_mist, minmay_snake_entry_guardpost_small,
          grunt_forest_large_clearings, uniq_erica, uniq_harold
Lair:3:   layout_gridlike, minivault_23, uniq_snorg
Lair:4:   onia_ninara_swampy_vault, layout_layer_cave, st_stairs_9, minivault_25

Skill      XL: |  1  2  3  4  5  6  7  8  9 10 11 12 13 |
---------------+----------------------------------------+-----
Axes           | 3 4 5 6 8 9 10 12 14 15 16 | 16.7
Fighting       | 4 5 6 7 8 10 11 | 11.7
Armour         | 4 5 6 7 8 9 10 11 | 11.0
Invocations    | 1 3 4 6 7 9 11 13 15 16 | 16.1
Shields        | |  3.2

Action                   |  1- 3 |  4- 6 |  7- 9 | 10-12 | 13-15 || total
-------------------------+-------+-------+-------+-------+-------++-------
Melee: War axe           |    58 |   168 |   234 |   789 |   262 ||  1511
       Unarmed           |       |       |       |    15 |       ||    15
Invok: Upheaval          |       |       |       |    10 |    12 ||    22
Evoke: Wand              |       |       |       |     2 |     3 ||     5
  Use: Potion            |     2 |       |     4 |     4 |     2 ||    12
       Scroll            |       |    10 |     8 |     6 |     1 ||    25
 Stab: Distracted        |       |       |       |     1 |       ||     1
Armor: Scale mail        |    31 |    90 |    32 |       |       ||   153
       Ring mail         |       |       |    60 |   332 |    72 ||   464
       Skin              |       |       |    14 |    14 |       ||    28
Dodge: Dodged            |    18 |    58 |    69 |   243 |    70 ||   458
       Repelled          |       |       |       |     2 |       ||     2
Block: Kite shield       |    26 |    96 |   135 |   638 |   185 ||  1080
       Other             |       |       |       |     4 |       ||     4

Table legend: (Time is in decaauts)
 A = Elapsed time spent in this place.
 B = Non-inter-level travel time spent in this place.
 C = Inter-level travel time spent in this place.
 D = Time resting spent in this place.
 E = Time spent auto-exploring this place.
 F = Levels seen in this place.
 G = Mean time per level.
                   A        B        C        D        E       F      G
               +--------+--------+--------+--------+--------+-----+--------+
         Total |  20606 |  19808 |    798 |   2846 |  14164 |  15 | 1373.7 |
       Dungeon |  14578 |  14092 |    486 |   2234 |   9864 |  11 | 1325.3 |
          Lair |   6028 |   5716 |    312 |    612 |   4300 |   4 | 1507.0 |
               +--------+--------+--------+--------+--------+-----+--------+

Top non-repeatable levels by time:
  Lair:1: 2198 daAuts
    D:11: 2060 daAuts
  Lair:2: 1895 daAuts
     D:5: 1793 daAuts
     D:6: 1707 daAuts
     D:9: 1668 daAuts
  Lair:3: 1667 daAuts
     D:8: 1298 daAuts
    D:10: 1283 daAuts
     D:7: 1154 daAuts
     D:4: 964 daAuts
     D:3: 921 daAuts
     D:2: 882 daAuts
     D:1: 842 daAuts
  Lair:4: 266 daAuts
